cohdb
Replays
Latest Replays
All Replays
Popular Replays
Top Player Replays
Match Explorer
How It Works
Community
CoH3 Stats
Reddit
Sign in to upload your games and track your stats! →
Sign in with Steam
Match 43251590
Unlisted
Match 43251590
Overview
Messages
Build Orders
End
Construct Section Command Post
Dingo Light Scout Car
Infantry Section
Infantry Section
Selects Air and Sea Battlegroup
Construct Platoon Command Post
Selects Supply Surplus
Humber Armored Car
Humber Armored Car
Selects UNKNOWN (223837)
Humber Armored Car
Humber Armored Car
Construct Company Command Post
Centaur IV Medium Tank
Vickers Machine Gun Team
Vickers Machine Gun Team
Selects Commando Section Paradrop
Selects M1 Pack Howitzer Paradrop
Construct Field Infirmary
Unlock M3 Grant Medium Tanks
串联聚能破甲BGM-71酱
matrix4x4
kristof
Gulag
ExchangedWinner
158212752
srednevik
gmleh7626
0
0
Comments
sign in to comment!
No comments posted yet!